AoeStats
← Geosim

Black Forest

508262634Analyzed
2v2 RM · 10d ago on Sep 21, 2026· 27m 42s· 4 players
Game mode
Random Map
Map size
Medium (4 player)
Population
200
Speed
Normal
Resources
Standard
Victory
Conquest
Starting age
Dark Age
Ending age
Imperial Age
RankedLock teamsTeams togetherTeam positionsShared explorationLock speedFull tech treeHidden civsTurbo modeCheats
Victory
Defeat
🇹🇷 Goths · Türkiye
1230
+13
🇹🇷 Celts · Türkiye
1214
+13
🇩🇪 Saracens · Germany
1162
-13
🇩🇪 Wei · Germany
1144
-13
McOtt
0:29 Loom
16:52 Feudal Age
22:33 Double-Bit Axe
23:47 Gold Mining
dziko
11:08 Feudal Age
10:24 Loom
15:45 Castle Age
14:13 Double-Bit Axe
15:09 Horse Collar
25:51 Scale Barding Armor
Geosim
0:26 Loom
12:57 Feudal Age
13:11 Man-at-Arms
14:08 Double-Bit Axe
14:15 Gold Mining
16:47 Forging
18:11 Horse Collar
18:34 Scale Mail Armor
20:36 Wheelbarrow
23:17 Castle Age
23:18 Long Swordsman
23:59 Squires
24:42 Iron Casting
25:03 Chain Mail Armor
25:32 Bow Saw
25:26 Heavy Plow
simirfan
0:28 Loom
13:17 Feudal Age
14:20 Man-at-Arms
22:34 Castle Age
22:00 Double-Bit Axe
21:58 Horse Collar
22:38 Stone Mining
22:39 Gold Mining
Connection lost

Rejoining the realm…

Still unreachable

The connection could not be restored.

Session expired

The server has moved on; the page needs a fresh start.